 Dungeon Crawl Stone Soup version 0.32-a0-338-g4f8ebfe289 (webtiles) character file.

Game seed: 166322876811465406

5245 Nattfarinn the Thaumaturge (level 10, -9/72 HPs)
             Began as a Djinni Shapeshifter on Feb 17, 2024.
             Was a Follower of Ashenzari.
             Mangled by a warg (16 damage)
             ... on level 9 of the Dungeon.
             The game lasted 00:19:03 (8913 turns).

Nattfarinn the Thaumaturge (Djinni Shapeshifter)    Turns: 8913, Time: 00:19:04

Health: -9/72      AC:  0    Str: 17    XL:     10   Next: 93%
Gold:   309        EV: 16    Int: 12    God:    Ashenzari [*.....] SH:  0 Dex: 13

rFire   + +          .
                       - Unarmed
rCold   x . .        (shield currently unavailable)
rNeg    + . .        a - melded +0 animal skin of the Distant Seer {Elem, Dev} (curse)
rPois   ∞            (no helmet)
rElec   .            (no cloak)
rCorr   .            (no gloves)
SInv    .            (boots unavailable)
Will    +....        g - amulet of regeneration
Stlth   +            t - ring of Ashenzari's Repose {rN+, Bglg, Dev} (curse)
HPRegen 1.12/turn    (no ring)
MPRegen 0.00/turn

%: infuse magic (-10 HP)
@: flux-form, flying, glowing
A: glow, contaminating, flying, sickness immunity, fire resistance 2, cold
vulnerability 1, float, innate caster, HP casting, extra vitality 1
a: Begin Untransformation, Renounce Religion, Curse Item, Shatter the Chains


You were on level 9 of the Dungeon.
You worshipped Ashenzari.
Ashenzari was aware of your devotion.
You were something dangerously unstable.
You visited 2 branches of the dungeon, and saw 10 of its levels.

You collected 309 gold pieces.

Inventory:

Hand Weapons
 h - a +0 dagger of holy wrath
 z - the +8 sling "Gahotim" {heavy, Str+6 Int+3}
   (You found it on level 8 of the Dungeon)

   Str+6:     It affects your strength (+6).
   Int+3:     It affects your intelligence (+3).
 C - the +8 rapier of the Final Villages {venom, Stlth+}
   (You found it on level 9 of the Dungeon)

   Stlth+:    It makes you more stealthy.
Missiles
 B - a throwing net
Armour
 a - the cursed +0 animal skin of the Distant Seer (melded) {Elem, Dev}

   It has a curse which improves the following skills: Elements: Fire Magic, Ice
   Magic, Air Magic and Earth Magic.
   Devices:   Evocations and Shapeshifting.
Jewellery
 g - an amulet of regeneration (around neck)
 t - the cursed ring of Ashenzari's Repose (left hand) {rN+, Bglg, Dev}
   (You found it on level 5 of the Dungeon)

   [ring of positive energy]

   rN+:       It protects you from negative energy.
   It has a curse which improves the following skills: Beguiling: Hexes and
   Translocations.
   Devices:   Evocations and Shapeshifting.
 y - a +4 ring of slaying
Talismans
 c - a beast talisman
 d - a flux talisman (active)
Wands
 q - a wand of digging (4)
 u - a wand of roots (11)
 A - a wand of paralysis (8)
Scrolls
 e - a scroll of immolation
 f - a scroll of teleportation
 k - a scroll of blinking
 l - a scroll of revelation
 m - 2 scrolls of poison
 n - 3 scrolls of enchant weapon
 s - a scroll of vulnerability
 w - 2 scrolls of fear
Potions
 b - 2 potions of lignification
 i - a potion of haste
 j - 2 potions of curing
 o - 4 potions of enlightenment
 p - 2 potions of might
 r - a potion of invisibility
 v - a potion of brilliance
 x - a potion of ambrosia


   Skills:
 * Level 6.1 Fighting
 - Level 2.1 Dodging
 - Level 3.0 Unarmed Combat
 - Level 11.4 Spellcasting
 - Level 11.4 Conjurations
 - Level 11.4(12.1) Hexes
 - Level 11.4 Summonings
 - Level 11.4 Necromancy
 - Level 11.4(12.1) Translocations
 - Level 11.4 Fire Magic
 - Level 11.4 Ice Magic
 - Level 11.4 Air Magic
 - Level 11.4 Earth Magic
 - Level 11.4 Alchemy
 - Level 6.3(7.1) Shapeshifting


You knew the following spells:

 Your Spells              Type           Power      Damage    Failure   Level
a - Magic Dart            Conj           100%       1d8       1%          1
b - Jinxbite              Hex            72%        N/A       1%          2
c - Stone Arrow           Conj/Erth      68%        3d11      1%          3
d - Mephitic Cloud        Conj/Alch/Air  34%        N/A       1%          3
Your spell library was empty.

Dungeon Overview and Level Annotations

Branches:
Dungeon (9/15)             Temple (1/1) D:4
   Lair: D:8-11         Orc: D:9-12

Altars:
Ashenzari
Cheibriados
Elyvilon
Fedhas
Gozag
Hepliaklqana
Makhleb
Nemelex Xobeh
Okawaru
Qazlal
Trog
Uskayaw
Wu Jian
Xom
Yredelemnul
Zin
The Shining One

Shops:
D:1 [   D:2 *

Annotations:
D:3 1 runed translucent door, Fandomethor's ghost, amateur SpHu; Sigmund


Innate Abilities, Weirdness & Mutations

You are something dangerously unstable.
You glow with magical radiation, making you easy to see and hit.
Foes you strike become dangerously contaminated with magical radiation.
You are flying.
You are incapable of wielding weapons or throwing items.
You are immune to sickness and miasma.
You are immune to poison.
Your flesh is very heat resistant. (rF++)
You are vulnerable to cold. (rC-)
You float through the air rather than walking.
You learn spells naturally, not from books.
Your magical power is your life essence.
You have superior vitality. (+4 MHP)


Message History

The wolf is engulfed in noxious fumes.
The wolf appears confused.
A wolf comes into view.
An orc comes into view. It is wielding a +0 short sword.
A kobold comes into view. It is wielding a +0 dagger.
The wolf is engulfed in noxious fumes.
The wolf appears confused.
The orc priest is engulfed in noxious fumes.
The orc priest complains noisily, as Orcs often do.
The orc priest invokes the aid of Beogh against you.
Beogh smites you!
A kobold comes into view. It is wielding a +0 short sword.
You hear a shout!
The wolf is engulfed in noxious fumes. x2; The wolf appears confused.
The orc priest is engulfed in noxious fumes.
You hit the wolf.
The wolf begins to glow.
The wolf is lightly wounded.
The wolf is engulfed in noxious fumes.
The wolf appears confused.
You hit the warg.
The warg begins to glow.
The warg is lightly wounded.
The warg closely misses you.
The orc priest is engulfed in noxious fumes.
The orc priest appears confused.
The orc priest suddenly looks very angry at the Dungeon.
An orc priest comes into view. It is wielding a +0 dagger of draining.
The wolf is engulfed in noxious fumes.
The wolf bites the orc priest!
The wolf misses the warg.
The wolf bites the orc priest!
The wolf barely misses itself.
The wolf is engulfed in noxious fumes.
The wolf appears confused.
The wolf bites the orc priest.
The orc priest is killed!
The wolf bites itself but does no damage.
The warg attacks as it pursues you! The warg bites you!
The warg attacks as it pursues you! The warg bites you!!
* * * LOW HITPOINT WARNING * * *
The wolf is engulfed in noxious fumes.
The warg barely misses you.
Something bites the wolf.
The wolf bites something but does no damage.
You feel better.
The wolf stops glowing.
The warg bites you!!
* * * LOW HITPOINT WARNING * * *
The wolf barely misses the warg.
The warg bites you!
You die...

.######.## #.##.##.#
#.# #.# #.##.##.#
#.# # #.# #.##...#.
#.# .. #.# #.....# #
#.# #.###.# ####..
#.....###########
#...............#
#....#.<......####.#
##.# ##.#####p# #.#
# #.# #h# #.# #.#
###h# #.# #.# #.h.#
#.# #.# #.### #.# #.
#.)# #.# #...#
####.# #ZKo.. #....#
#...... ######


You could see a warg (contam) and 2 wolves.

Vanquished Creatures
  A wyvern (D:8)
  A steam dragon (D:8)
  4 water moccasins
  An orc warrior (D:6)
  A black bear (D:6)
  2 sky beasts
  2 ogres
  2 centaurs
  A kobold brigand (D:8)
  3 bullfrogs
  A gnoll sergeant (D:7)
  3 scorpions
  4 wights (D:8)
  A howler monkey (D:4)
  4 jellies
  9 orc priests
  3 hounds
  3 gnoll boudas
  2 sleepcaps
  5 iguanas
  9 orc wizards
  21 gnolls
  5 adders
  3 dart slugs
  A ribbon worm (D:2)
  28 orcs
  10 endoplasms
  5 giant cockroaches
  7 goblins
  7 hobgoblins
  2 jackals (D:1)
  14 kobolds
  4 quokkas
  12 ball pythons
  4 bats
  9 frilled lizards
  7 rats
201 creatures vanquished.

Notes
Turn   | Place    | Note
-------+----------+-------------------------------------------
     0 | D:1      | Nattfarinn the Djinni Shapeshifter began the quest for the
                  | Orb.
     0 | D:1      | Reached XP level 1. HP: 17/17 MP: 0/0
   100 | D:1      | Reached XP level 2. HP: 15/22 MP: 0/0
   214 | D:1      | Reached XP level 3. HP: 23/27 MP: 0/0
   214 | D:1      | Learned a level 1 spell: Magic Dart
   574 | D:1      | Reached XP level 4. HP: 30/32 MP: 0/0
   627 | D:1      | Found Zovuyk's Armour Shoppe.
  2021 | D:2      | Reached XP level 5. HP: 37/37 MP: 0/0
  2021 | D:2      | Learned a level 2 spell: Jinxbite
  2280 | D:2      | Found Zatuqaer's General Store.
  3085 | D:3      | Noticed Fandomethor's ghost (amateur SpHu)
  3086 | D:3      | Found a runed translucent door.
  3184 | D:3      | Noticed Sigmund
  3305 | D:4      | Reached XP level 6. HP: 43/43 MP: 0/0
  3414 | D:4      | Reached skill level 5 in Shapeshifting
  3477 | D:4      | Noticed a water moccasin
  3522 | D:4      | Killed a water moccasin
  3531 | D:4      | Reached XP level 7. HP: 49/49 MP: 0/0
  3531 | D:4      | Learned a level 3 spell: Stone Arrow
  4223 | D:4      | Reached skill level 1 in Spellcasting
  4223 | D:4      | Reached skill level 1 in Conjurations
  4223 | D:4      | Reached skill level 1 in Hexes
  4223 | D:4      | Reached skill level 1 in Summonings
  4223 | D:4      | Reached skill level 1 in Necromancy
  4223 | D:4      | Reached skill level 1 in Translocations
  4223 | D:4      | Reached skill level 1 in Fire Magic
  4223 | D:4      | Reached skill level 1 in Ice Magic
  4223 | D:4      | Reached skill level 1 in Air Magic
  4223 | D:4      | Reached skill level 1 in Earth Magic
  4223 | D:4      | Reached skill level 1 in Alchemy
  4436 | D:4      | Found a staircase to the Ecumenical Temple.
  4445 | Temple   | Entered the Ecumenical Temple
  4518 | Temple   | Became a worshipper of Ashenzari the Shackled
  4690 | D:5      | Entered Level 5 of the Dungeon
  4896 | D:4      | Reached XP level 8. HP: 38/54 MP: 0/0
  5708 | D:6      | Reached skill level 5 in Spellcasting
  5708 | D:6      | Reached skill level 5 in Conjurations
  5708 | D:6      | Reached skill level 5 in Hexes
  5708 | D:6      | Reached skill level 5 in Summonings
  5708 | D:6      | Reached skill level 5 in Necromancy
  5708 | D:6      | Reached skill level 5 in Translocations
  5708 | D:6      | Reached skill level 5 in Fire Magic
  5708 | D:6      | Reached skill level 5 in Ice Magic
  5708 | D:6      | Reached skill level 5 in Air Magic
  5708 | D:6      | Reached skill level 5 in Earth Magic
  5708 | D:6      | Reached skill level 5 in Alchemy
  6275 | D:6      | Reached * piety under Ashenzari
  6302 | D:6      | Reached XP level 9. HP: 28/58 MP: 0/0
  6302 | D:6      | Learned a level 3 spell: Mephitic Cloud
  6532 | D:6      | Found a stormy altar of Qazlal.
  6771 | D:6      | Reached XP level 10. HP: 64/64 MP: 0/0
  6812 | D:6      | Found a glowing silver altar of Zin.
  7930 | D:7      | Found a white marble altar of Elyvilon.
  8125 | D:8      | Identified the +8 sling "Gahotim" {heavy, Str+6 Int+3}
  8127 | D:8      | Identified the +1 leather armour of Eneaggiq {Regen+ Dex+3
                  | Slay+5}
  8332 | D:8      | Found a bloodstained altar of Trog.
  8335 | D:8      | Reached skill level 5 in Fighting
  8834 | D:9      | Identified the +8 rapier of the Final Villages {venom,
                  | Stlth+}
  8913 | D:9      | Mangled by a warg

Illustrated notes

Levels and vault maps discovered:
D:1:      grunt_arrival_crossed_arrows, layout_basic, serial_shops, shop,
          amcnicky_mini_pool_small, minmay_door_square, minmay_lizard_pond
D:2:      layout_loops_corners, serial_shops, shop, minivault_4, minmay_unequal
D:3:      layout_basic, mainiacjoe_overflow_surrounded_room,
          gammafunk_ghost_grave, lexackson_kobold_supper, uniq_grinder,
          uniq_sigmund
D:4:      minmay_razor_zed, layout_cave_pools
D:5:      layout_cave_pools
D:6:      layout_gridville, grunt_qazlal_clouds, zin_scriptorium, hex_medium,
          grunt_ministairs_12, minmay_misc_feat_pillars,
          serial_library_hellmonk_statue_hall
D:7:      layout_basic, elyvilon_altar_1
D:8:      layout_cave_pools, lightli_temple_of_fire, kennysheep_generic_room_11
D:9:      layout_loops_ring, mainiacjoe_overflow_boulevard,
          erik_lair_orcish_takeover, zombieorc2_lemuel
Temple:   nicolae_temple_slightly_damp_pantheon

Skill      XL: |  1  2  3  4  5  6  7  8  9 10 |
---------------+-------------------------------+-----
Shapeshifting  | 3 4 5 6 |  6.3
Fighting       | 2 6 |  6.1
Spellcasting   | 3 5 11 | 11.4
Conjurations   | 3 5 11 | 11.4
Hexes          | 3 5 11 | 11.4
Summonings     | 3 5 11 | 11.4
Necromancy     | 3 5 11 | 11.4
Translocations | 3 5 11 | 11.4
Fire Magic     | 3 5 11 | 11.4
Ice Magic      | 3 5 11 | 11.4
Air Magic      | 3 5 11 | 11.4
Earth Magic    | 3 5 11 | 11.4
Alchemy        | 3 5 11 | 11.4
Dodging        | |  2.1
Unarmed Combat | |  3.0

Action                     |  1- 3 |  4- 6 |  7- 9 | 10-12 || total
---------------------------+-------+-------+-------+-------++-------
  Melee: Unarmed           |    77 |   101 |   204 |    59 ||   441
         Punch             |       |     3 |       |       ||     3
   Cast: Magic Dart        |     6 |   172 |    88 |       ||   266
         Stone Arrow       |       |       |    19 |    73 ||    92
         Mephitic Cloud    |       |       |     1 |     1 ||     2
 Invoke: Curse Item        |       |       |     2 |       ||     2
    Use: Scroll            |       |     2 |     8 |     2 ||    12
         Potion            |       |     1 |     1 |     3 ||     5
   Stab: Confused          |       |       |     2 |       ||     2
 Armour: Animal skin       |    43 |   119 |    32 |       ||   194
         Skin              |       |    51 |   101 |    56 ||   208
  Dodge: Dodged            |    47 |    97 |   218 |    65 ||   427
   Form: Flux              |       |       |     1 |       ||     1

Table legend: (Time is in decaauts)
 A = Elapsed time spent in this place.
 B = Non-inter-level travel time spent in this place.
 C = Inter-level travel time spent in this place.
 D = Time resting spent in this place.
 E = Time spent auto-exploring this place.
 F = Levels seen in this place.
 G = Mean time per level.
                   A        B        C        D        E       F      G
               +--------+--------+--------+--------+--------+-----+--------+
         Total |   8900 |   8618 |    282 |    928 |   5973 |  10 |  890.0 |
       Dungeon |   8805 |   8616 |    189 |    928 |   5973 |   9 |  978.3 |
        Temple |     94 |      1 |     93 |      0 |      0 |   1 |   94.0 |
               +--------+--------+--------+--------+--------+-----+--------+

Top non-repeatable levels by time:
     D:1: 1726 daAuts
     D:6: 1526 daAuts
     D:4: 1328 daAuts
     D:3: 939 daAuts
     D:2: 930 daAuts
     D:7: 904 daAuts
     D:8: 732 daAuts
     D:5: 626 daAuts
  Temple: 94 daAuts
     D:9: 90 daAuts
